 Dungeon Crawl Stone Soup version 0.30.0-29-ga12c61a403 (webtiles) character file.

Game seed: 6427600115995014325

263 Chilbo the Conjurer (level 5, -2/41 HPs)
             Began as a Demigod Conjurer on June 11, 2023.
             Slain by Crazy Yiuf
             ... wielding a +2 quarterstaff of chaos
              (9 damage)
             ... on level 3 of the Dungeon.
             The game lasted 00:22:48 (2267 turns).

Chilbo the Conjurer (Demigod Conjurer)              Turns: 2267, Time: 00:22:48

Health: -2/41      AC:  3    Str: 12    XL:     5   Next: 65%
Magic:  2/10       EV: 12    Int: 20    God:
Gold:   138        SH:  0    Dex: 12    Spells: 4/7 levels left

rFire   . . .        q - +2 halberd (vamp)
rCold   . . .        (shield currently unavailable)
rNeg    . . .        a - +0 robe
rPois   .            (no helmet)
rElec   .            (no cloak)
rCorr   .            (no gloves)
SInv    .            n - +0 pair of boots
Will    .....        (no amulet)
Stlth   ++           (no ring)
HPRegen 0.26/turn    (no ring)
MPRegen 0.12/turn

%: no passive effects
@: no status effects
A: high MP 1, forlorn, divine attributes
a: no special abilities


You were on level 3 of the Dungeon.
You visited 1 branch of the dungeon, and saw 3 of its levels.

You collected 138 gold pieces.

Inventory:

Hand Weapons
 p - a +0 trident
 q - a +2 vampiric halberd (weapon)
Armour
 a - a +0 robe (worn)
 n - a +0 pair of boots (worn)
Magical Staves
 o - a staff of cold
Jewellery
 c - a ring of resist corrosion
Scrolls
 d - a scroll of fear
 e - 3 scrolls of teleportation {unknown}
 g - 2 scrolls of identify
 i - 4 scrolls of blinking
 k - 2 scrolls of noise {unknown}
 l - a scroll of enchant weapon {unknown}
 s - a scroll of magic mapping {unknown}
Potions
 b - a potion of magic
 f - a potion of curing
 h - 2 potions of lignification
 j - 2 potions of ambrosia {unknown}
 m - a potion of resistance
 r - a potion of haste {unknown}
 t - a potion of heal wounds


   Skills:
 - Level 1.7 Fighting
 - Level 0.2 Short Blades
 * Level 2.3(2.4) Polearms
 - Level 1.7 Dodging
 - Level 1.7 Stealth
 - Level 1.7 Spellcasting
 + Level 5.5 Conjurations


You had 4 spell levels left.
You knew the following spells:

 Your Spells              Type           Power      Damage    Failure   Level
a - Magic Dart            Conj           96%        1d7       1%          1
b - Searing Ray           Conj           48%        2d6       2%          2

Your spell library contained the following spells:

 Spells                   Type           Power      Damage    Failure   Level
 Dazzling Flash           Conj/Hex       24%        N/A       16%         3
 Fulminant Prism          Conj/Hex       6%         3d7       45%         4
 Iskenderun's Mystic Bla  Conj/Tloc      12%        2d5       45%         4


Dungeon Overview and Level Annotations

Branches:
Dungeon (3/15)

Annotations:
D:3 Crazy Yiuf


Innate Abilities, Weirdness & Mutations

You have an increased reservoir of magic. (+10% MP)
You shall have no god before yourself.
Your divine heritage dramatically boosts your attributes as you level up.


Message History

Crazy Yiuf closely misses you.
Unknown command.
Casting: Magic Dart (safe; 1% risk of failure)
Confirm with . or Enter, or press ? or * to list all spells.
Aiming: Magic Dart (safe; 1% risk of failure)
Press: ? - help, Shift-Dir - straight line, f/p - Crazy Yiuf
Aim: Crazy Yiuf, wielding a +2 quarterstaff of chaos and wearing a +2 cloak of stealth (heavily wounded, 100% to hit)
The magic dart hits Crazy Yiuf but does no damage.
Crazy Yiuf is heavily wounded.
Crazy Yiuf hits you but does no damage.
Unknown command.
Casting: Magic Dart (safe; 1% risk of failure)
Confirm with . or Enter, or press ? or * to list all spells.
Aiming: Magic Dart (safe; 1% risk of failure)
Press: ? - help, Shift-Dir - straight line, f/p - Crazy Yiuf
Aim: Crazy Yiuf, wielding a +2 quarterstaff of chaos and wearing a +2 cloak of stealth (heavily wounded, 100% to hit)
The magic dart hits Crazy Yiuf but does no damage.
Crazy Yiuf is heavily wounded.
Crazy Yiuf hits you with a +2 quarterstaff of chaos.
* * * LOW HITPOINT WARNING * * *
You are lethally poisoned!
Unknown command.
You feel better.
Crazy Yiuf yells, "Adder arm action!"
Crazy Yiuf hits you with a +2 quarterstaff of chaos.
* * * LOW HITPOINT WARNING * * *
Casting: Magic Dart (safe; 1% risk of failure)
Confirm with . or Enter, or press ? or * to list all spells.
Aiming: Searing Ray (safe; 2% risk of failure)
Press: ? - help, Shift-Dir - straight line, f/p - Crazy Yiuf
Aim: Crazy Yiuf, wielding a +2 quarterstaff of chaos and wearing a +2 cloak of stealth (heavily wounded, 82% to hit)
The searing ray hits Crazy Yiuf!
Crazy Yiuf is almost dead. (Press . to maintain the ray.) Crazy Yiuf closely misses you.
Unknown command.
The searing ray misses Crazy Yiuf.
Crazy Yiuf screams, "Adder koolooloo cloud!"
Crazy Yiuf hits you with a +2 quarterstaff of chaos!
You die...

#.###.##.......##..#
#.# #.###.......##.#
####.###.....#####.##.#
........###### ######
.####.###
........#######
.....)......#.### ###
###.......P..#..##...#
#........P####@g...#
#.......P## ###..)#
#.....#### ### #.....#
#######


You could see Crazy Yiuf.

Vanquished Creatures
  An orc priest (D:3)
  Natasha (thrice) (D:2)
  4 gnolls (D:2)
  5 adders
  7 orcs (D:3)
  7 ball pythons
  6 bats
  5 endoplasms (D:2)
  A giant cockroach (D:1)
  6 goblins
  8 hobgoblins
  2 quokkas
  5 frilled lizards
  7 kobolds
  7 rats
74 creatures vanquished.

Notes
Turn   | Place    | Note
-------+----------+-------------------------------------------
     0 | D:1      | Chilbo the Demigod Conjurer began the quest for the Orb.
     0 | D:1      | Reached XP level 1. HP: 14/14 MP: 5/5
   246 | D:1      | Reached skill level 4 in Conjurations
   355 | D:1      | Reached XP level 2. HP: 21/22 MP: 7/7
   684 | D:2      | Noticed Natasha
   690 | D:2      | Killed Natasha
   691 | D:2      | Reached XP level 3. HP: 17/27 MP: 1/8
   756 | D:2      | Noticed Natasha
   767 | D:2      | Killed Natasha
   768 | D:2      | Reached skill level 5 in Conjurations
   829 | D:2      | Learned a level 2 spell: Searing Ray
   839 | D:2      | Noticed Natasha
   845 | D:2      | Killed Natasha
   846 | D:2      | Reached skill level 1 in Fighting
   846 | D:2      | Reached XP level 4. HP: 34/35 MP: 1/9
  1234 | D:2      | Reached skill level 1 in Polearms
  1242 | D:2      | Reached XP level 5. HP: 28/40 MP: 0/10
  2253 | D:3      | Found a runed translucent door.
  2254 | D:3      | Noticed Crazy Yiuf
  2267 | D:3      | Slain by Crazy Yiuf

Illustrated notes

Levels and vault maps discovered:
D:1:      lemuel_arrival_broad_hall, layout_rooms
D:2:      layout_loops_ring, uniq_natasha
D:3:      layout_rooms, minmay_misc_feat_alley, uniq_crazy_yiuf_cottage

Skill      XL: |  1  2  3  4  5 |
---------------+----------------+-----
Conjurations   | 4 5 |  5.5
Fighting       | 1 |  1.7
Polearms       | 1 2 |  2.3
Short Blades   | |  0.2
Dodging        | |  1.7
Stealth        | |  1.7
Spellcasting   | |  1.7

Action                     |  1- 3 |  4- 6 || total
---------------------------+-------+-------++-------
  Melee: Dagger            |    78 |     2 ||    80
         Unarmed           |     3 |       ||     3
         Staff             |     9 |       ||     9
         Trident           |       |    28 ||    28
         Halberd           |       |    81 ||    81
   Cast: Magic Dart        |    36 |    16 ||    52
         Searing Ray       |     1 |     8 ||     9
    Use: Scroll            |     1 |     4 ||     5
         Potion            |       |     1 ||     1
   Stab: Sleeping          |       |     4 ||     4
 Armour: Robe              |    28 |    37 ||    65
  Dodge: Dodged            |    74 |    67 ||   141
